Description

Build order focuses on getting a fast 3 colossi count before going into templar. Standard Gate Expand, third @ around 4 minute mark.

VOD

https://www.youtube.com/watch?v=yihnviIhT9g

Replay - Harstem Colossus Opener

Build Order

Get SALT Encoding   

  12  0:01  Probe  
  13  0:13  Probe  
  14  0:17  Pylon  
  14  0:24  Probe  
  15  0:32  Probe  
  15  0:37  Gateway  
  15  0:40  Probe  
  16  0:46  Assimilator  
  17  0:51  Probe  
  18  1:03  Probe  
  19  1:15  Probe  
  20  1:22  Nexus  
  20  1:33  Cybernetics Core  
  20  1:34  Probe  
  21  1:41  Assimilator  
  21  1:46  Probe  
  22  1:50  Pylon  
  22  1:59  Adept  
  23  2:13  Robotics Facility  
  26  2:21  Warp Gate  
  27  2:30  Stalker  
  35  3:00  Observer, Sentry  
  40  3:05  Gateway x2  
  40  3:18  Pylon  
  42  3:23  Observer  
  45  3:34  Assimilator x2  
  48  3:47  Observer  
  52  4:01  Pylon  
  52  4:04  Nexus  
  52  4:09  Robotics Bay  
  54  4:22  Pylon, Stalker x3  
  62  4:26  Observer  
  62  4:40  Forge  
  62  4:42  Twilight Council  
  64  4:46  Colossus  
  72  5:01  Blink  
  72  5:02  Protoss Ground Weapons Level 1  
  74  5:12  Extended Thermal Lance  
  74  5:15  Gateway  
  77  5:23  Colossus  
  77  5:25  Gateway  
  77  5:29  Shield Battery  
  77  5:34  Zealot  
  88  5:46  Zealot, Stalker  
  91  5:51  Gateway  
  93  6:02  Stalker x2  
  96  6:07  Colossus  
  98  6:12  Stalker x2  
  108  6:27  Stalker  
  110  6:37  Zealot  
  120  6:54  Warp Prism  
  125  7:02  Zealot x2, Assimilator x2  
  136  7:23  Zealot x3  
Spawning Tool Build Advisor. Get it on Overwolf

Analysis

2nd pylon at natural, to help wall vs gas first if needed. (Make sure psi field connects with nexus)

(Note: Gas first barracks finishes at 1:32).

(Note: Rax first rax finishes at 1:26).

Around 4:10 observer reaches enemy base: - If we scout tank / banshee allin or some bullshit, don't get robo bay, make immortal and stalkers Or tank / medi / 10~ marine moveout.

  • If we see mine drop / 3 rax / other non-aggressive thing, get robo bay right away.

^-- All before first warpin.

@ 3 min mark make 2 gateways, VS gas first: Build them as part of low ground wall.

@ 4 min make nexus, and pylon that scouts for drops. (usually 3rd mineral line on some maps)

Scout terran base with first observer, position next 2 observers for vision around your bases to stop drops.

If we scout he is going tanks, get armour and charge. If we see a lot of mines, get +1 attack and blink.

Start 2nd forge after starting 2nd ugprade..

Go to:

Details

  • Created by: Sehyo
  • Published on: Oct 10, 2019
  • Modified on: Oct 10, 2019
  • Patch: 4.7.1
Show
View Real Time Build Order
Export as new Build Order

Comments (0)

There are no comments. Be the first!

Create an account to comment!